 Dungeon Crawl Stone Soup version 0.23-a0-644-gb60d84b (webtiles) character file.

55 Borgoz the Ruffian (level 3, -4/30 HPs)
             Began as a Ghoul Gladiator on Jan 1, 2019.
             Slain by a gnoll
             ... wielding a +0 spear
              (9 damage)
             ... on level 2 of the Dungeon.
             The game lasted 00:01:20 (757 turns).

Borgoz the Ruffian (Ghoul Gladiator)                 Turns: 757, Time: 00:01:20

Health: -4/30      AC:  4    Str: 17    XL:     3   Next: 93%
Magic:  2/2        EV: 12    Int:  3    God:
Gold:   56         SH:  0    Dex: 11    Spells: 2/2 levels left

rFire    . . .     SeeInvis .     - Unarmed
rCold    + . .     Gourm    .   (no shield)
rNeg     + + +     Faith    .   a - +0 leather armour
rPois    ∞         Spirit   .   b - +0 helmet
rElec    .         Reflect  .   (no cloak)
rCorr    .         Harm     .   (no gloves)
MR       .....                  (no boots)
Stlth    +.........             (no amulet)
HPRegen  0.00/turn              (no ring)
MPRegen  0.08/turn              (no ring)

@: rotting
A: rotting body, claws 1, carnivore, cold resistance 1, negative energy
resistance 3, inhibited regeneration, torment resistance, unbreathing
a: no special abilities


You were on level 2 of the Dungeon.
You were not hungry.

You visited 1 branch of the dungeon, and saw 2 of its levels.

You collected 56 gold pieces.

Inventory:

Missiles
 c - 3 throwing nets (quivered)
Armour
 a - a +0 leather armour (worn)
 b - a +0 helmet (worn)
Scrolls
 f - 2 scrolls of fear {unknown}
 h - a scroll of blinking {unknown}
Potions
 e - a potion of ambrosia {unknown}
 g - a potion of heal wounds {unknown}
Comestibles
 d - 3 rations
 i - 9 chunks of flesh


   Skills:
 + Level 2.4 Fighting
 - Level 1.7 Throwing
 + Level 1.0 Armour
 + Level 3.2 Dodging
 + Level 4.2 Unarmed Combat


You had 2 spell levels left.
You didn't know any spells.
Your spell library was empty.

Dungeon Overview and Level Annotations

Branches:
Dungeon (2/15)

Altars:


Innate Abilities, Weirdness & Mutations

Your body is rotting away.
You thrive on raw meat.
You are immune to poison.
You have sharp fingernails.
You are carnivorous and can eat meat at any time.
Your flesh is cold resistant. (rC+)
You are immune to negative energy. (rN+++)
You do not regenerate when monsters are visible.
You are immune to unholy pain and torment.
You can survive without breathing.


Message History

The gnoll is severely wounded.
The gnoll barely misses you.
You scratch the gnoll.
You kill the gnoll!
Your Armour skill increases to level 1!
The gnoll hits you from afar with a +0 spear.
The gnoll closely misses you.
Things that are here:
a +0 halberd; a gnoll corpse You scratch the gnoll but do no damage.
The gnoll hits you with a +0 spear!
* * * LOW HITPOINT WARNING * * *
You are too injured to fight recklessly!
You are too injured to fight recklessly!
You closely miss the gnoll. The gnoll barely misses you.
You scratch the gnoll but do no damage. The gnoll hits you with a +0 spear.
* * * LOW HITPOINT WARNING * * *
You scratch the gnoll but do no damage. You claw the gnoll.
The gnoll is moderately wounded.
The gnoll hits you with a +0 spear!
You die...

.....# .##..# #.#
.....# #.#
.##.############.#
...>...........#.#
.#############.#.#
.# ########..#g#
.# .......(..#g#
.# .#######..#@#
.# ..........#.#
#.######...#.##
..............#
########..#####
#.........#
#.######### . .


You could see 2 gnolls.

Vanquished Creatures
  2 adders (D:2)
  A gnoll (D:2)
  2 leopard geckos
  A ball python (D:1)
  2 giant cockroaches (D:1)
  3 goblins
  4 hobgoblins
  4 bats
  A frilled lizard (D:1)
  3 kobolds
23 creatures vanquished.

Notes
Turn   | Place    | Note
-------+----------+-------------------------------------------
     0 | D:1      | Borgoz the Ghoul Gladiator began the quest for the Orb.
     0 | D:1      | Reached XP level 1. HP: 17/17 MP: 0/0
   270 | D:1      | Reached XP level 2. HP: 23/23 MP: 1/1
   614 | D:2      | Reached XP level 3. HP: 20/30 MP: 2/2
   699 | D:2      | Reached skill level 4 in Unarmed Combat
   752 | D:2      | Reached skill level 1 in Armour
   757 | D:2      | Slain by a gnoll

Vault maps used:
D:1:      dpeg_arrival_pits
D:2:      lemuel_statue_altar

Skill      XL: |  1  2  3 |
---------------+----------+-----
Dodging        | 3 |  3.2
Unarmed Combat | 4 |  4.2
Armour         | 1 |  1.0
Fighting       | |  2.4
Throwing       | |  1.7

Action                   || total
-------------------------++-------
Melee: Unarmed           ||    92
       Punch             ||     4
  Eat: Chunk             ||     7
Armor: Leather armour    ||    26
Dodge: Dodged            ||    74

Table legend:
 A = Non-vault XP
 B = Vault XP
 C = Vault XP percentage of total XP
 D = Non-vault monster count
 E = Vault monster count
 F = Vault count percentage of total count
                 A         B        C        D         E       F
            +---------+---------+-------+---------+---------+-------
      Total |      79 |       0 |   0.0 |      23 |       0 |   0.0
            +---------+---------+-------+---------+---------+-------
        D:1 |      26 |       0 |   0.0 |      14 |       0 |   0.0
        D:2 |      53 |       0 |   0.0 |       9 |       0 |   0.0
            +---------+---------+-------+---------+---------+-------
